 Dungeon Crawl Stone Soup version 0.31-a0-771-g505c3d19dc (webtiles) character file.

Game seed: 10374714409477450604

2909 makewrite the Cleaver (level 9, -1/78 HPs)
             Began as a Minotaur Gladiator on Sept 16, 2023.
             Was an Initiate of Gozag.
             Slain by Harold the salamander
             ... wielding a +0 halberd of distortion
              (13 damage)
             ... on level 9 of the Dungeon.
             The game lasted 00:18:20 (6465 turns).

makewrite the Cleaver (Minotaur Gladiator)          Turns: 6465, Time: 00:18:20

Health: -1/78      AC: 11    Str: 20    XL:     9   Next: 49%
Magic:  8/8        EV: 10    Int:  5    God:    Gozag
Gold:   592        SH:  0    Dex: 20    Spells: 8/8 levels left

rFire   . . .        a - +1 broad axe (elec)
rCold   . . .        (no shield)
rNeg    . . .        E - +0 chain mail
rPois   .            c - +0 hat
rElec   .            B - scarf of the Hills {repulsion, Dex+5 Stlth-}
rCorr   +            (no gloves)
SInv    .            l - +0 pair of boots
Will    +....        (no amulet) Stlth
                     m - ring of willpower
HPRegen 0.33/turn    s - ring of resist corrosion
MPRegen 0.11/turn

%: repel missiles
@: no status effects
A: horns 2, retaliatory headbutt
a: Renounce Religion, Potion Petition, Call Merchant, Bribe Branch


You were on level 9 of the Dungeon.
You worshipped Gozag.
Gozag was pleased with you.
You visited 2 branches of the dungeon, and saw 10 of its levels.

You collected 643 gold pieces.
You paid 51 gold pieces to Gozag.

Inventory:

Hand Weapons
 a - a +1 broad axe of electrocution (weapon)
 b - a +0 orcbow
 w - a +3 flail of freezing
Missiles
 d - 3 throwing nets
Armour
 c - a +0 hat (worn)
 l - a +0 pair of boots (worn)
 B - the scarf of the Hills (worn) {repulsion, Dex+5 Stlth-}
   (You found it on level 3 of the Dungeon)

   Dex+5:     It affects your dexterity (+5).
   Stlth-:    It makes you less stealthy.
 E - a +0 chain mail (worn)
Jewellery
 m - a ring of willpower (left hand)
 s - a ring of resist corrosion (right hand)
 C - a ring of ice
Wands
 y - a wand of charming (8)
 z - a wand of polymorph (6) (quivered)
 F - a wand of flame (8)
Scrolls
 g - a scroll of enchant armour {unknown}
 n - a scroll of teleportation
 o - a scroll of butterflies
 q - a scroll of vulnerability {unknown}
 v - a scroll of torment {unknown}
 A - a scroll of fear
 D - a scroll of identify
Potions
 e - a potion of might {unknown}
 f - a potion of mutation {unknown}
 h - 2 potions of enlightenment
 i - a potion of invisibility {unknown}
 j - 2 potions of brilliance
 k - 2 potions of ambrosia
 p - 4 potions of curing
 r - a potion of berserk rage {unknown}
 t - a potion of heal wounds
 u - a potion of resistance {unknown}
 x - 2 potions of attraction {unknown}


   Skills:
 + Level 6.4 Fighting
 * Level 11.4 Axes
 * Level 6.3 Ranged Weapons
 - Level 2.0 Throwing
 + Level 6.5 Armour
 - Level 3.2 Dodging


You had 8 spell levels left.
You didn't know any spells.
Your spell library contained the following spells:

 Spells                   Type           Power      Damage    Failure   Level
 Freeze                   Ice            0%         1d3       98%         1
 Shock                    Conj/Air       0%         1d3       98%         1
 Ensorcelled Hibernation  Hex/Ice        0%         N/A       99%         2
 Jinxbite                 Hex            0%         N/A       99%         2
 Frozen Ramparts          Ice            0%         1d1       100%        3
 Hailstorm                Conj/Ice       0%         3d3       100%        3
 Swiftness                Air            0%         N/A       100%        3
 Volatile Blastmotes      Fire/Tloc      0%         2d10      100%        3
 Airstrike                Air            0%         2d(0-16)  100%        4
 Anguish                  Hex/Necr       0%         N/A       100%        4
 Fulminant Prism          Conj/Hex       0%         3d5       100%        4
 Iskenderun's Mystic Bla  Conj/Tloc      0%         2d3       100%        4
 Conjure Ball Lightning   Conj/Air       0%         3x3d6     100%        6
 Discord                  Hex            0%         N/A       100%        8
 Disjunction              Tloc           0%         N/A       100%        8


Dungeon Overview and Level Annotations

Branches:
Dungeon (9/15)             Temple (1/1) D:6
   Lair: D:8-11         Orc: D:9-12

Altars:
Ashenzari
Cheibriados
Dithmenos
Elyvilon
Fedhas
Gozag
Hepliaklqana
Kikubaaqudgha
Makhleb
Nemelex Xobeh
Okawaru
Qazlal
Ru
Sif Muna
Trog
Uskayaw
Vehumet
Wu Jian
Xom
Yredelemnul
Zin
The Shining One

Annotations:
D:9 Harold


Innate Abilities, Weirdness & Mutations

You have a pair of horns on your head.
You reflexively headbutt those who attack you in melee.


Message History

Done exploring.
Done exploring.
There is a stone staircase leading down here.
You climb downwards.
Found 6 gold pieces.
There is a stone staircase leading up here.
You now have 592 gold pieces (gained 6).
You open the door.
There is an open door here.
You open the door.
There is an open door here.
Found 5 stones.
Found a pair of boots.
You open the door.
p - 4 potions of curing (gained 1) Harold the Weathered comes into view.
He is wielding a +0 halberd of distortion.
Found a potion of brilliance.
Harold shouts!
Harold moves out of view.
Harold says, "Try to look on the bright side.
Your death will help put my children through school."
Harold resists with almost no effort.
Harold evaporates and reforms as a salamander!
Unknown command.
Harold picks up a +0 halberd of distortion.
Harold wields a +0 halberd of distortion.
Its appearance distorts for a moment.
Harold picks up 2 throwing nets.
Harold picks up a +0 chain mail.
Harold wears a +0 chain mail.
Harold hits you with a +0 halberd of distortion!!
You are engulfed in flames!
Space warps around you.
You slash Harold! You headbutt Harold!
Harold is moderately wounded.
Harold hits you with a +0 halberd of distortion.
You are engulfed in flames!
Space warps horribly around you!!
* * * LOW HITPOINT WARNING * * *
Harold hits you with a +0 halberd of distortion.
* * * LOW HITPOINT WARNING * * *
You are engulfed in flames!
You die...
Your body crumbles into a pile of gold.

#.........#
#.........#
#.........#
#.........####+#
#...............
#...............
#...###########.
#...+ #..@#
#..N# #.....#
###!... #....
#..... #.....
#......


You could see Harold the salamander.

Vanquished Creatures
  An acid dragon (D:8)
  2 water moccasins
  2 sky beasts
  An ice beast (D:5)
  An orc warrior (D:8)
  2 black bears
  2 ogres
  3 phantoms
  The ghost of Vorhees the Insei, an amateur OpSh (D:3)
  A kobold brigand (D:6)
  4 bullfrogs
  A gnoll sergeant (D:6)
  4 scorpions
  3 wights (D:7)
  2 howler monkeys (D:6)
  A lava snake (D:8)
  4 hounds
  4 orc priests
  3 jellies
  2 iguanas
  Ijyb (D:3)
  Jessica (D:2)
  3 orc wizards
  4 gnolls (D:6)
  4 adders
  2 shadow imps (D:6)
  A worm (D:2)
  A dart slug (D:3)
  27 orcs
  3 bats
  6 endoplasms
  A giant cockroach (D:1)
  6 goblins
  6 hobgoblins
  4 jackals (D:5)
  2 quokkas (D:4)
  6 ball pythons
  3 frilled lizards
  10 kobolds
  7 rats
  A butterfly (D:6)
143 creatures vanquished.

Notes
Turn   | Place    | Note
-------+----------+-------------------------------------------
     0 | D:1      | makewrite the Minotaur Gladiator began the quest for the
                  | Orb.
     0 | D:1      | Reached XP level 1. HP: 18/18 MP: 0/0
    76 | D:1      | Reached skill level 4 in Axes
    98 | D:1      | Reached XP level 2. HP: 25/25 MP: 1/1
   122 | D:1      | Reached skill level 1 in Ranged Weapons
   959 | D:2      | Noticed Jessica
   963 | D:2      | Killed Jessica
   964 | D:2      | Reached XP level 3. HP: 30/30 MP: 2/2
  1015 | D:3      | Found a faded altar of an unknown god.
  1105 | D:3      | Reached skill level 5 in Axes
  1152 | D:3      | Reached XP level 4. HP: 33/37 MP: 3/3
  1165 | D:3      | You fall into a shaft and drop 2 floors!
  1165 | D:5      | Entered Level 5 of the Dungeon
  1194 | D:5      | Noticed a phantom
  1210 | D:5      | Killed a phantom
  1211 | D:5      | Reached skill level 1 in Armour
  1211 | D:5      | Reached XP level 5. HP: 35/45 MP: 4/4
  1276 | D:5      | Noticed an ice beast
  1281 | D:5      | Killed an ice beast
  1282 | D:5      | Reached skill level 6 in Axes
  1282 | D:5      | Reached XP level 6. HP: 51/51 MP: 5/5
  1495 | D:5      | Reached skill level 7 in Axes
  1749 | D:5      | Reached XP level 7. HP: 54/58 MP: 6/6
  1774 | D:5      | Found a burning altar of Makhleb.
  1779 | D:5      | Noticed an Executioner
  1780 | D:5      | Found a glowing silver altar of Zin.
  1781 | D:5      | Noticed an angel
  2297 | D:3      | Noticed Ijyb
  2311 | D:3      | Killed Ijyb
  2375 | D:3      | Identified the scarf of the Hills {repulsion, Dex+5 Stlth-}
  2377 | D:3      | Noticed Vorhees's ghost (amateur OpSh)
  2462 | D:3      | Found a transporter.
  2463 | D:3      | Found a transporter.
  2531 | D:3      | Reached skill level 8 in Axes
  2959 | D:3      | Killed Vorhees's ghost
  3395 | D:4      | Reached XP level 8. HP: 67/67 MP: 7/7
  3555 | D:6      | Identified a scroll of acquirement
  3555 | D:6      | Acquired a +0 broad axe of electrocution
  3981 | D:6      | HP: 2/67 [gnoll/+3 spear of freezing[a gnoll sergeant] (2)]
  3993 | D:6      | Reached skill level 9 in Axes
  4109 | D:6      | Reached skill level 5 in Armour
  4194 | D:6      | Found a staircase to the Ecumenical Temple.
  4203 | Temple   | Entered the Ecumenical Temple
  4225 | Temple   | Became a worshipper of Gozag Ym Sagoz the Greedy
  4328 | D:6      | Reached skill level 5 in Ranged Weapons
  4332 | D:6      | Reached skill level 5 in Fighting
  4850 | D:6      | Reached skill level 10 in Axes
  5091 | D:7      | Reached XP level 9. HP: 61/75 MP: 8/8
  5766 | D:8      | Reached skill level 11 in Axes
  6457 | D:9      | Noticed Harold
  6460 | D:9      | Harold changed into Harold the salamander
  6460 | D:9      | Noticed Harold
  6465 | D:9      | Slain by Harold the salamander

Illustrated notes

Levels and vault maps discovered:
D:1:      dpeg_arrival_prison, layout_rooms
D:2:      layout_basic, uniq_jessica
D:3:      layout_basic, nicolae_ecumenical_pavilion, gammafunk_ghost_arena,
          uniq_ijyb
D:4:      layout_cave_pools, palyth_stone_intersect
D:5:      layout_basic, grunt_temple_overflow_order_and_chaos_2,
          hangedman_decor_diamond_cutter, minmay_misc_feat_enclosed,
          dreamdust_princess_corridor
D:6:      minmay_general_purpose_star, layout_rooms,
          minmay_temple_entry_butterflies
D:7:      layout_loops_ring
D:8:      layout_basic, kennysheep_diamond
D:9:      layout_irregular_city, david_lair_generic, uniq_erica, uniq_harold
Temple:   nicolae_temple_bog_church

Skill      XL: |  1  2  3  4  5  6  7  8  9 |
---------------+----------------------------+-----
Axes           | 4 5 6 7 8 10 11 | 11.4
Ranged Weapons | 1 2 3 4 5 6 |  6.3
Fighting       | 3 4 5 6 |  6.4
Armour         | 1 2 4 6 |  6.5
Throwing       | |  2.0
Dodging        | |  3.2

Action                     |  1- 3 |  4- 6 |  7- 9 || total
---------------------------+-------+-------+-------++-------
  Melee: War axe           |    49 |    55 |    85 ||   189
         Headbutt          |     5 |     8 |    37 ||    50
         Broad axe         |       |       |   135 ||   135
   Fire: Orcbow            |       |       |     7 ||     7
  Throw: Javelin           |     4 |     3 |       ||     7
         Throwing net      |     1 |       |       ||     1
  Evoke: Wand              |     4 |     1 |     9 ||    14
    Use: Scroll            |       |       |    13 ||    13
         Potion            |       |       |     3 ||     3
   Stab: Sleeping          |     1 |       |       ||     1
         Invisible         |       |       |     1 ||     1
 Armour: Leather armour    |     9 |       |       ||     9
         Scale mail        |    13 |    55 |   132 ||   200
         Chain mail        |       |       |    38 ||    38
  Dodge: Dodged            |    25 |    41 |   143 ||   209
         Repelled          |       |       |     1 ||     1

Table legend: (Time is in decaauts)
 A = Elapsed time spent in this place.
 B = Non-inter-level travel time spent in this place.
 C = Inter-level travel time spent in this place.
 D = Time resting spent in this place.
 E = Time spent auto-exploring this place.
 F = Levels seen in this place.
 G = Mean time per level.
                   A        B        C        D        E       F      G
               +--------+--------+--------+--------+--------+-----+--------+
         Total |   6514 |   6105 |    409 |   1113 |   3777 |  10 |  651.4 |
       Dungeon |   6472 |   6100 |    372 |   1113 |   3777 |   9 |  719.1 |
        Temple |     42 |      5 |     37 |      0 |      0 |   1 |   42.0 |
               +--------+--------+--------+--------+--------+-----+--------+

Top non-repeatable levels by time:
     D:6: 1240 daAuts
     D:5: 1033 daAuts
     D:3: 1004 daAuts
     D:7: 776 daAuts
     D:8: 719 daAuts
     D:4: 600 daAuts
     D:1: 538 daAuts
     D:2: 490 daAuts
     D:9: 69 daAuts
  Temple: 42 daAuts
